 Dungeon Crawl Stone Soup version 0.30-a0-614-ge5ea1257c2 (webtiles) character file.

Game seed: 5727412566143530431

28 Ijustatesigmund the Firebug (level 3, -2/27 HPs)
             Began as a Barachi Fire Elementalist on Jan 9, 2023.
             Slain by a water moccasin (7 damage)
             ... on level 3 of the Dungeon.
             The game lasted 00:02:11 (1239 turns).

Ijustatesigmund the Firebug (BaFE)                  Turns: 1239, Time: 00:02:11

Health: -2/27      AC:  2    Str:  9    XL:     3   Next: 14%
Magic:  0/6        EV: 12    Int: 17    God:
Gold:   44         SH:  0    Dex: 12    Spells: 3/6 levels left

rFire   . . .      SeeInvis .    f - +0 hand axe (pain)
rCold   . . .      Faith    .    (no shield)
rNeg    . . .      Spirit   .    a - +0 robe
rPois   .          Reflect  .    (no helmet)
rElec   .          Harm     .    (no cloak)
rCorr   .          Rampage  .    (no gloves)
Will    .....                    (no boots)
Stlth   ++                       (no amulet)
HPRegen 0.24/turn                (no ring)
MPRegen 0.10/turn                (no ring)

@: slow
A: amphibious, slowness 1, strong legs 1, +LOS
a: Hop


You were on level 3 of the Dungeon.
You visited 1 branch of the dungeon, and saw 3 of its levels.

You collected 44 gold pieces.

Inventory:

Hand Weapons
 f - a +0 hand axe of pain (weapon)
Armour
 a - a +0 robe (worn)
Scrolls
 c - 4 scrolls of identify {unknown}
 d - 3 scrolls of torment {unknown}
 e - 2 scrolls of amnesia {unknown}
Potions
 b - a potion of magic
 g - a potion of haste
 h - 2 potions of curing {unknown}


   Skills:
 + Level 1.6 Fighting
 - Level 2.1 Dodging
 - Level 1.7 Stealth
 - Level 2.1 Spellcasting
 + Level 2.1 Conjurations
 + Level 3.7 Fire Magic


You had 3 spell levels left.
You knew the following spells:

 Your Spells              Type           Power      Damage    Failure   Level
a - Foxfire               Conj/Fire      44%        2x1d6     5%          1
b - Scorch                Fire           28%        2d6       6%          2

Your spell library contained the following spells:

 Spells                   Type           Power      Damage    Failure   Level
 Inner Flame              Hex/Fire       8%         N/A       26%         3
 Kindle Blastsparks       Fire/Tloc/Air  12%        2d11      34%         3
 Flame Wave               Conj/Fire      11%        2d6       50%         4


Dungeon Overview and Level Annotations

Branches:
Dungeon (3/15)

Altars:

Annotations:
D:2 Sigmund


Innate Abilities, Weirdness & Mutations

You are amphibious.
You cover ground slowly.
You can hop short distances.
You have an extended range of vision and can be seen from far away.


Message History

Confirm with . or Enter, or press ? or * to list all spells.
You conjure some foxfire!
The water moccasin hisses angrily.
Casting: Foxfire (safe; 5% risk of failure)
Confirm with . or Enter, or press ? or * to list all spells.
You conjure some foxfire!
Your foxfire dissipates! x2
The foxfire hits the water moccasin but does no damage.
Casting: Foxfire (safe; 5% risk of failure)
Confirm with . or Enter, or press ? or * to list all spells.
You conjure some foxfire!
The foxfire hits the water moccasin.
The water moccasin is lightly wounded.
Your foxfire dissipates!
The foxfire hits the water moccasin.
The water moccasin is moderately wounded.
Casting: Foxfire (safe; 5% risk of failure)
Confirm with . or Enter, or press ? or * to list all spells.
Flames lash the water moccasin.
The water moccasin is heavily wounded.
The water moccasin's fire resistance burns away.
The water moccasin bites you but does no damage.
The water moccasin bites you! The water moccasin bites you!
Casting: Scorch (safe; 6% risk of failure)
Confirm with . or Enter, or press ? or * to list all spells.
You conjure some foxfire!
The water moccasin closely misses you.
The foxfire hits the water moccasin but does no damage.
The water moccasin is heavily wounded.
The foxfire hits the water moccasin.
The water moccasin is burned terribly!
The water moccasin is severely wounded.
The water moccasin bites you!
* * * LOW HITPOINT WARNING * * *
The water moccasin closely misses you.
Casting: Foxfire (safe; 5% risk of failure)
Confirm with . or Enter, or press ? or * to list all spells.
You conjure some foxfire!
The water moccasin is no longer more vulnerable to fire.
The water moccasin bites you!
You die...

### ..# #.##. #.. ..#
##.... #.# ... ...> #
# #.# #.# #..###.. .##
#.# #.# #..... ....
#.# #.# #...# ....
###.# #.####...##).#
.##.#####......§.v<:.#
...............§@S...#
###...###.#####.v##.##
###...###.# #..#
#.......#.# #.[.#
............ ....#
#........... .....#
###...###.#. ......
#.......#.########
####.####.#


You could see a water moccasin (ally target).

Vanquished Creatures
  A dart slug (D:1)
  An orc (D:3)
  4 ball pythons (D:1)
  4 endoplasms
  3 giant cockroaches (D:1)
  4 goblins
  A hobgoblin (D:1)
  3 bats
  A rat (D:1)
22 creatures vanquished.

Vanquished Creatures (collateral kills)
  A foxfire (D:1)
1 creature vanquished.

Vanquished Creatures (others)
  A ghoul (D:1)
  A minotaur (D:1)
  2 demonspawn (D:1)
  An octopode (D:1)
  2 formicids (D:1)
  2 spriggans (D:1)
  A vampire (D:1)
  A demigod (D:1)
  3 tengu (D:1)
  A gnoll (D:1)
  57 foxfires
  A plant (D:1)
  6 tentacles (D:1)
79 creatures vanquished.

Grand Total: 102 creatures vanquished

Notes
Turn   | Place    | Note
-------+----------+-------------------------------------------
     0 | D:1      | Ijustatesigmund the Barachi Fire Elementalist began the
                  | quest for the Orb.
     0 | D:1      | Reached XP level 1. HP: 13/13 MP: 3/3
     2 | D:1      | Noticed a vampire
     2 | D:1      | Noticed a tengu
     2 | D:1      | Noticed a ghoul
     2 | D:1      | Noticed a minotaur
     2 | D:1      | Noticed an octopode
     2 | D:1      | Noticed a tengu
     2 | D:1      | Noticed a kraken
     2 | D:1      | Noticed a demigod
     2 | D:1      | Noticed a demonspawn
     2 | D:1      | Noticed a formicid
     2 | D:1      | Noticed a demonspawn
     2 | D:1      | Noticed a spriggan
     2 | D:1      | Noticed a tengu
     2 | D:1      | Noticed a formicid
     2 | D:1      | Noticed a spriggan
     5 | D:1      | Killed a demonspawn
     7 | D:1      | Killed a spriggan
     8 | D:1      | Killed a formicid
     9 | D:1      | Killed a tengu
    10 | D:1      | Killed a tengu
    10 | D:1      | Killed an octopode
    11 | D:1      | Killed a tengu
    12 | D:1      | Killed a demonspawn
    13 | D:1      | Killed a demigod
    15 | D:1      | Killed a minotaur
    15 | D:1      | Killed a formicid
    16 | D:1      | Killed a vampire
    19 | D:1      | Killed a spriggan
    19 | D:1      | Killed a ghoul
   190 | D:1      | Reached XP level 2. HP: 9/20 MP: 0/5
   193 | D:1      | Learned a level 2 spell: Scorch
   257 | D:1      | Reached skill level 1 in Fighting
   856 | D:2      | Reached XP level 3. HP: 26/26 MP: 3/6
   911 | D:2      | Noticed Sigmund
  1228 | D:3      | Noticed a water moccasin
  1239 | D:3      | Slain by a water moccasin

Illustrated notes

Levels and vault maps discovered:
D:1:      nicolae_arrival_kraken_aquarium_b, layout_rooms, serial_bayou_crossing
D:2:      layout_loops_ring, uniq_sigmund, uniq_crazy_yiuf_cottage
D:3:      layout_loops_ring, nicolae_wu_jian_immortal_techniques,
          lemuel_round_altar, kennysheep_nondescript, serial_park_tiny_pond,
          grunt_decor_fettered, uniq_jessica

Skill      XL: |  1  2 |
---------------+-------+-----
Fighting       | 1 |  1.6
Conjurations   | 2 |  2.1
Dodging        | |  2.1
Stealth        | |  1.7
Spellcasting   | |  2.1
Fire Magic     | |  3.7

Action                   || total
-------------------------++-------
 Cast: Foxfire           ||    41
       Scorch            ||     2
  Use: Potion            ||     1
Armor: Robe              ||     1
Dodge: Dodged            ||    27

Table legend: (Time is in decaauts)
 A = Elapsed time spent in this place.
 B = Non-inter-level travel time spent in this place.
 C = Inter-level travel time spent in this place.
 D = Time resting spent in this place.
 E = Time spent auto-exploring this place.
 F = Levels seen in this place.
 G = Mean time per level.
                   A        B        C        D        E       F      G
               +--------+--------+--------+--------+--------+-----+--------+
         Total |   1343 |   1288 |     55 |    145 |    917 |   3 |  447.7 |
       Dungeon |   1343 |   1288 |     55 |    145 |    917 |   3 |  447.7 |
               +--------+--------+--------+--------+--------+-----+--------+

Top non-repeatable levels by time:
     D:1: 934 daAuts
     D:3: 315 daAuts
     D:2: 94 daAuts
